 Dungeon Crawl Stone Soup version 0.28-a0-514-g0d7ab7f379 (webtiles) character file.

Game seed: 7439240008167973382

3406 meatgazer the Agent of Entropy (level 9, 0/66 (72) HPs)
             Began as a Demonspawn Abyssal Knight on Sept 22, 2021.
             Was a Priest of Lugonu.
             Slain by a hornet (5 damage)
             ... while paralysed by a hornet
             ... on level 8 of the Dungeon.
             The game lasted 00:15:25 (9411 turns).

meatgazer the Agent of Entropy (DsAK)               Turns: 9411, Time: 00:15:27

HP:   0/66 (72)     AC:  8    Str: 16    XL:     9   Next: 75%
MP:   0/17          EV:  2    Int: 14    God:    Lugonu [***...]
Gold: 1027          SH:  0    Dex: 14    Spells: 8/8 levels left

rFire   . . .      SeeInvis .   g - +4 scythe (vamp)
rCold   . . .      Faith    .   (shield currently unavailable)
rNeg    . . .      Spirit   +   a - +1 scale mail
rPois   .          Reflect  +   i - +0 helmet
rElec   .          Harm     .   (no cloak)
rCorr   .          Rampage  .   (no gloves)
Will    .....                   (no boots)
Stlth   ..........              o - amulet of reflection
HPRegen 0.21/turn               p - ring of wizardry
MPRegen 0.30/turn               (no ring)

@: paralysed, lethally poisoned (0 -> -24), drained
A: hooves 2, demonic guardian 1, magic shield, magic regeneration, big brain 1
a: Renounce Religion, Depart the Abyss, Bend Space, Banish


You were on level 8 of the Dungeon.
You worshipped Lugonu.
Lugonu was most pleased with you.
You visited 1 branch of the dungeon, and saw 8 of its levels.
You visited the Abyss 1 time.

You collected 1027 gold pieces.

Inventory:

Hand Weapons
 g - a +4 vampiric scythe (weapon)
Armour
 a - a +1 scale mail (worn)
 i - a +0 helmet (worn)
 m - a +0 buckler
Jewellery
 o - an amulet of reflection (around neck)
 p - a ring of wizardry (left hand)
Wands
 n - a wand of flame (14)
Scrolls
 e - a scroll of identify
 k - a scroll of silence
 l - a scroll of fear
 q - a scroll of immolation
Potions
 b - 4 potions of haste
 c - 2 potions of flight
 d - 2 potions of might
 f - 5 potions of curing


   Skills:
 + Level 7.5 Fighting
 + Level 6.3 Polearms
 - Level 2.0 Armour
 - Level 1.0 Dodging
 - Level 4.0 Shields
 * Level 11.7 Invocations


You had 8 spell levels left.
You didn't know any spells.
Your spell library contained the following spells:

 Spells                   Type           Power      Damage    Failure   Level
 Foxfire                  Conj/Fire      0%         2x1d4     38%         1
 Slow                     Hex            0%         N/A       52%         2
 Static Discharge         Conj/Air       0%         N/A       52%         2
 Confusing Touch          Hex            0%         N/A       75%         3
 Conjure Flame            Conj/Fire      0%         6-21      75%         3
 Inner Flame              Hex/Fire       0%         N/A       75%         3
 Vampiric Draining        Necr           0%         2d6       75%         3
 Flame Wave               Conj/Fire      0%         3d3       98%         4
 Lightning Bolt           Conj/Air       0%         1d11      100%        5
 Maxwell's Capacitive Co  Air            0%         ∞         100%        8


Dungeon Overview and Level Annotations

Branches:
Dungeon (8/15)             Temple (0/1) D:7
   Lair: D:8-11

Altars:
Ashenzari
Cheibriados
Fedhas
Qazlal
Sif Muna
Uskayaw
Vehumet

Annotations:
D:6 2 transporters, omnomnOMINOUS's ghost, amateur OpWn


Innate Abilities, Weirdness & Mutations

You have hoof-like feet.
A weak demonic guardian rushes to your aid.
When hurt, damage is shared between your health and your magic reserves.
You regenerate magic rapidly.
You have an unusually large brain. (Int +2)


Message History

A yak comes into view.
The wyvern bites you.
The yak bellows!
You slice the wyvern!!
You kill the wyvern!
Lugonu accepts your kill.
The hornet stings you but does no damage.
The hornet stings you.
You feel yourself slow down.
Okay, then.
The hornet stings you!
You feel as though you will be slow longer.
The hornet stings you!
A demonic guardian appears!
You feel as though you will be slow longer.
The hornet closely misses you.
Your shadow imp closely misses the hornet.
The hornet stings you but does no damage.
The hornet stings your shadow imp!
Your shadow imp dies!
Your shadow imp disappears in a puff of smoke!
There is a stormy altar of Qazlal here.
You block the hornet's attack.
You feel yourself speed up. The hornet stings you!
You are poisoned.
You feel yourself slow down. The yak gores you!
You feel very sick. The hornet stings you.
You are more poisoned.
You suddenly lose the ability to move!
The hornet stings you.
* * * LOW HITPOINT WARNING * * *
You are lethally poisoned!
You shrug off the repeated paralysis!
You feel yourself speed up.
* * * LOW HITPOINT WARNING * * *
You feel extremely sick. The hornet stings you!
* * * LOW HITPOINT WARNING * * *
A demonic guardian appears!
You shrug off the repeated paralysis!
The yak gores you but does no damage. The hornet stings you!
You die...

##.........#
#..≈§.≈≈..#
#.§§≈.≈...#
#.≈.....≈.##
##.≈≈...≈≈.†#
#....Y_....#..#
#.##..≈≈Y..≈≈.##.#
#..>..§Yy§..≈.#
...
#####..@≈.≈.§.#
... #..§≈.≈§§.#
.## ##...5...## .#
#<.)...## #[#.#.##
#.....# #.#####
#.# #(#


You could see 3 yaks, a hornet (ally target) and a friendly quasit (summoned).

Vanquished Creatures
  Pikel (D:6)
  Sigmund (D:2)
  A wyvern (D:8)
  A water moccasin (D:6)
  2 ice beasts (D:6)
  A black bear (D:6)
  3 ogres
  A sky beast (D:6)
  3 necrophages
  A centaur (D:7)
  A phantom (D:7)
  2 bullfrogs
  A scorpion (D:7)
  13 wights
  A howler monkey (D:6)
  A centaur zombie (D:5)
  2 bullfrog zombies (D:5)
  A quasit (Abyss:2)
  2 bullfrog skeletons (D:5)
  A jelly (D:4)
  An orc priest (D:6)
  3 hounds
  A centaur skeleton (D:7)
  Jessica (D:2)
  2 iguanas
  Terence (D:2)
  2 hound skeletons
  3 adders
  A white imp (D:7)
  2 ufetubi (D:6)
  A dart slug (D:2)
  6 orcs
  6 bats
  7 endoplasms
  A giant cockroach (D:3)
  10 goblins
  8 hobgoblins
  3 jackals (D:3)
  7 quokkas
  7 ball pythons
  3 frilled lizards
  2 kobolds (D:4)
  5 rats
123 creatures vanquished.

Vanquished Creatures (collateral kills)
  A wight (D:7)
  A jelly (D:5)
  A hound (D:5)
  2 adders
  An orc (D:6)
  3 kobolds
  2 ball pythons
  A rat (D:1)
12 creatures vanquished.

Grand Total: 135 creatures vanquished

Notes
Turn   | Place    | Note
-------+----------+-------------------------------------------
     0 | Abyss:1  | meatgazer the Demonspawn Abyssal Knight began the quest for
                  | the Orb.
     0 | Abyss:1  | Reached XP level 1. HP: 18/18 MP: 2/2
    35 | Abyss:1  | Noticed a tentacled starspawn
    63 | Abyss:2  | Found a corrupted altar of Lugonu.
   107 | Abyss:2  | Noticed a quasit
   123 | Abyss:2  | Killed a quasit
   124 | Abyss:2  | Reached skill level 1 in Dodging
   124 | Abyss:2  | Gained mutation: A weak demonic guardian rushes to your
                  | aid. [demonic ancestry]
   124 | Abyss:2  | Reached XP level 2. HP: 3/24 MP: 4/4
   124 | Abyss:2  | Gained mutation: You regenerate magic rapidly. [demonic
                  | ancestry]
   124 | Abyss:2  | Reached XP level 3. HP: 3/29 MP: 5/5
   294 | Abyss:2  | Noticed an ancient zyme
   295 | D:1      | Escaped the Abyss
   714 | D:1      | Reached skill level 3 in Invocations
  1194 | D:1      | Reached * piety under Lugonu
  1885 | D:1      | Found a faded altar of an unknown god.
  1991 | D:2      | Noticed Sigmund
  1991 | D:2      | Noticed Terence
  2144 | D:2      | Gained mutation: You have large cloven feet. [demonic
                  | ancestry]
  2144 | D:2      | Reached XP level 4. HP: 37/37 MP: 6/6
  2315 | D:2      | Noticed Jessica
  2319 | D:2      | Killed Jessica
  2320 | D:2      | Reached skill level 4 in Invocations
  2480 | D:2      | Killed Sigmund
  2481 | D:2      | Reached skill level 5 in Invocations
  2481 | D:2      | Gained mutation: You have hoof-like feet. [demonic
                  | ancestry]
  2481 | D:2      | Reached XP level 5. HP: 23/43 MP: 7/9
  2481 | D:2      | Reached XP level 6. HP: 26/49 MP: 7/10
  2658 | D:2      | Killed Terence
  2863 | D:2      | Reached ** piety under Lugonu
  3139 | D:3      | Reached skill level 6 in Invocations
  3484 | D:3      | Found a hide-covered altar of Uskayaw.
  4029 | D:4      | Reached XP level 7. HP: 36/55 MP: 10/12
  4182 | D:4      | Found a snail-covered altar of Cheibriados.
  4245 | D:4      | Reached skill level 5 in Fighting
  4245 | D:4      | Reached skill level 7 in Invocations
  4497 | D:5      | Entered Level 5 of the Dungeon
  4910 | D:5      | Found a blossoming altar of Fedhas.
  4942 | D:5      | Identified a scroll of acquirement
  4942 | D:5      | Acquired 651 gold pieces
  4989 | D:5      | Reached skill level 8 in Invocations
  5283 | D:5      | Gained mutation: When hurt, damage is shared between your
                  | health and your magic reserves. [demonic ancestry]
  5283 | D:5      | Reached XP level 8. HP: 53/64 MP: 14/14
  5620 | D:6      | Reached skill level 9 in Invocations
  5829 | D:6      | Found a transporter.
  5831 | D:6      | Noticed omnomnOMINOUS's ghost (amateur OpWn)
  5898 | D:6      | Reached skill level 5 in Polearms
  5961 | D:6      | Found a transporter.
  5966 | D:6      | Reached skill level 10 in Invocations
  6009 | D:6      | Reached *** piety under Lugonu
  6088 | D:6      | Noticed Pikel
  6108 | D:6      | Killed Pikel
  6109 | D:6      | Gained mutation: You have an unusually large brain. (Int
                  | +2) [demonic ancestry]
  6109 | D:6      | Reached XP level 9. HP: 39/71 MP: 8/17
  6462 | D:6      | Found a radiant altar of Vehumet.
  7211 | D:7      | Reached skill level 11 in Invocations
  7879 | D:7      | Found a broken altar of Ashenzari.
  7956 | D:7      | Found a staircase to the Ecumenical Temple.
  8303 | D:7      | Found a shimmering blue altar of Sif Muna.
  8398 | D:8      | Found a stormy altar of Qazlal.
  9410 | D:8      | Paralysed by a hornet for 2 turns
  9411 | D:8      | Slain by a hornet

Illustrated notes

Levels and vault maps discovered:
D:1:      dpeg_arrival_three_smaller_balls, layout_basic,
          dreamdust_ecumenical_altar_hidden_monk_grotto
D:2:      wander_river, layout_loops_ring, uniq_jessica, uniq_sigmund,
          uniq_terence
D:3:      layout_basic, mainiacjoe_overflow_surrounded_room
D:4:      layout_basic, nicolae_overflow_hidden_temple
D:5:      layout_cave_pools, mainiacjoe_overflow_alcove_4, chequers_mini_garden,
          serial_bayou_ford_a, kennysheep_generic_room_5
D:6:      layout_basic, nicolae_vehumet_altar_sigil, gammafunk_ghost_stat_death,
          uniq_pikel
D:7:      layout_rooms, lemuel_doored_altar, kennysheep_mini,
          minmay_temple_entry_glass
D:8:      layout_loops_ring, mainiacjoe_overflow_paths,
          mainiacjoe_overflow_small_starburst, gammafunk_ghost_necromancy,
          hangedman_misty_isle, uniq_maggie

Skill      XL: |  1  2  3  4  5  6  7  8  9 |
---------------+----------------------------+-----
Polearms       | 2 3 4 5 6 |  6.3
Armour         | 2 |  2.0
Dodging        | 1 |  1.0
Invocations    | 3 5 6 8 10 11 | 11.7
Fighting       | 4 5 6 7 |  7.5
Shields        | 2 4 |  4.0

Action                   |  1- 3 |  4- 6 |  7- 9 || total
-------------------------+-------+-------+-------++-------
Melee: Spear             |   109 |    56 |       ||   165
       Kick              |       |    22 |    67 ||    89
       Scythe            |       |    53 |   255 ||   308
Invok: Depart the Abyss  |     1 |       |       ||     1
  Use: Scroll            |     4 |     6 |    13 ||    23
       Potion            |       |     1 |     6 ||     7
Armor: Leather armour    |    50 |    22 |       ||    72
       Scale mail        |       |    14 |   150 ||   164
Dodge: Dodged            |    62 |    45 |   206 ||   313
Block: Other             |       |       |    29 ||    29
       Reflection        |       |       |     1 ||     1

Table legend: (Time is in decaauts)
 A = Elapsed time spent in this place.
 B = Non-inter-level travel time spent in this place.
 C = Inter-level travel time spent in this place.
 D = Time resting spent in this place.
 E = Time spent auto-exploring this place.
 F = Levels seen in this place.
 G = Mean time per level.
                   A        B        C        D        E       F      G
               +--------+--------+--------+--------+--------+-----+--------+
         Total |   9681 |   9453 |    228 |   3808 |   4300 |  10 |  968.1 |
       Dungeon |   9386 |   9158 |    228 |   3638 |   4223 |   8 | 1173.2 |
         Abyss |    294 |    294 |      0 |    170 |     77 |   2 |  147.0 |
               +--------+--------+--------+--------+--------+-----+--------+

Top non-repeatable levels by time:
     D:6: 2817 daAuts
     D:1: 1773 daAuts
     D:2: 1085 daAuts
     D:7: 1033 daAuts
     D:4: 871 daAuts
     D:5: 868 daAuts
     D:3: 843 daAuts
 Abyss:2: 231 daAuts
     D:8: 93 daAuts
 Abyss:1: 63 daAuts
